Map: Oceanborn LE

Players

boanaan - Winner!

  • Race: Protoss Protoss
  • League: Grandmaster
  • Spawn Location: 5:00

SortOf

  • Race: Zerg Zerg
  • League: Grandmaster
  • Spawn Location: 11:00

VOD

Have the link to the VOD?

Description

Time

  • Played on: May 29, 2024, 1:58 p.m.
  • Length: 8:08
Show
View Real Time Build Order
Export as new Build Order

boanaan Protoss - Winner!

Build Orders:  

Get SALT Encoding   

  12  0:02  Probe  
  13  0:14  Probe  
  13  0:18  Pylon  
  14  0:26  Probe  
  15  0:39  Forge, Probe  
  16  0:52  Pylon  
  17  1:02  Pylon  
  17  1:03  Pylon  
  16  1:12  Photon Cannon  
  16  1:17  Pylon  
  16  1:21  Pylon  
  16  1:28  Gateway  
  16  1:50  Photon Cannon  
  16  1:51  Probe (Chrono Boost)  
  16  1:53  Assimilator  
  17  2:01  Probe (Chrono Boost)  
  18  2:07  Probe (Chrono Boost)  
  19  2:16  Gateway  
  19  2:17  Cybernetics Core  
  19  2:20  Probe (Chrono Boost)  
  19  2:27  Probe (Chrono Boost)  
  19  2:28  Photon Cannon  
  20  2:38  Probe  
  21  2:47  Assimilator  
  21  2:55  Stalker, Shield Battery  
  23  2:59  Warp Gate (Chrono Boost)  
  23  3:01  Shield Battery  
  23  3:10  Probe  
  24  3:13  Stalker  
  26  3:20  Shield Battery  
  26  3:27  Stalker  
  28  3:43  Stalker  
  30  3:53  Pylon  
  30  4:00  Photon Cannon  
  30  4:02  Stalker  
  32  4:04  Probe  
  33  4:18  Twilight Council  
  33  4:25  Photon Cannon  
  33  4:41  Gateway  
  33  4:45  Adept  
  35  4:49  Stalker  
  37  5:04  Blink (Chrono Boost)  
  35  5:08  Probe  
  36  5:19  Stalker  
  36  5:20  Stalker  
  34  5:47  Photon Cannon, Stalker  
  34  5:48  Stalker  
  38  5:59  Stalker  
  32  6:12  Stalker x2  
  36  6:23  Photon Cannon  
  36  6:26  Photon Cannon  
  36  6:32  Stalker  
  38  6:40  Stalker  
  40  6:53  Stalker  
  42  6:59  Photon Cannon  
  42  7:08  Stalker  
  44  7:26  Stalker, Pylon  
  44  7:45  Stalker x2  
  44  7:49  Stalker  
Show
View Real Time Build Order
Export as new Build Order

SortOf Zerg 

Build Orders: Hatch First 

Get SALT Encoding   

  12  0:00  Drone  
  13  0:12  Overlord  
  13  0:17  Drone  
  14  0:31  Drone x2  
  16  0:48  Hatchery  
  15  0:54  Drone  
  15  0:56  Drone  
  17  1:01  Drone  
  18  1:16  Spawning Pool  
  16  1:25  Drone  
  16  1:30  Drone  
  18  1:33  Drone  
  19  1:50  Drone x2  
  19  1:52  Extractor x2  
  20  2:07  Hatchery  
  19  2:09  Roach Warren  
  19  2:12  Zergling x2  
  19  2:15  Drone  
  20  2:24  Overlord  
  20  2:32  Queen  
  22  2:52  Roach x2  
  22  2:56  Overlord  
  26  3:01  Metabolic Boost  
  26  3:06  Drone  
  27  3:13  Queen  
  27  3:16  Ravager  
  30  3:20  Roach  
  30  3:24  Zergling x2  
  33  3:28  Drone  
  33  3:34  Ravager  
  35  3:36  Zergling x2  
  35  3:42  Zergling x2  
  35  3:51  Queen  
  35  3:54  Zergling x2  
  38  3:57  Roach  
  38  4:01  Ravager  
  41  4:09  Zergling x2  
  42  4:10  Overlord  
  42  4:14  Overlord  
  42  4:22  Ravager  
  43  4:31  Zergling x4  
  42  4:41  Roach x3  
  42  4:44  Roach  
  50  4:47  Drone  
  50  4:50  Zergling x2  
  52  5:08  Ravager x3  
  52  5:09  Zergling x4  
  57  5:19  Overlord x2  
  57  5:23  Drone  
  58  5:30  Ravager  
  59  5:37  Zergling x2  
  57  5:44  Zergling x2  
  57  5:47  Roach x3  
  59  6:00  Roach x3  
  59  6:03  Roach  
  53  6:11  Roach  
  53  6:13  Roach  
  49  6:19  Roach  
  46  6:26  Zergling x6  
  46  6:31  Zergling x2  
  50  6:34  Ravager x2  
  50  6:35  Zergling x2  
  50  6:39  Zergling x2  
  54  6:45  Zergling x2  
  54  6:55  Ravager  
  54  6:56  Zergling x8  
  54  7:00  Drone  
  60  7:05  Zergling x2  
  60  7:09  Ravager  
  60  7:12  Zergling x2  
  59  7:21  Zergling x4  
  59  7:25  Ravager  
  59  7:26  Queen  
  59  7:28  Zergling x2  
  60  7:40  Zergling x8  
  49  7:47  Zergling x4  
Tags
 
Add a new tag
Caveats
  • Supply blocks, unpowered buildings, or Contaminate may cause inaccurate times.
  • Supply counts are checked every 10 seconds.